 Dungeon Crawl Stone Soup version 0.21-a0-84-g85d6d27 (console) character file.

281 HarryHood the Skirmisher (level 6, -7/36 HPs)
             Began as a Vine Stalker Fighter on July 1, 2017.
             Mangled by Natasha (9 damage)
             ... on level 3 of the Dungeon.
             The game lasted 00:11:48 (2335 turns).

HarryHood the Skirmisher (Vine Stalker Fighter)     Turns: 2335, Time: 00:11:49

Health: -7/36      AC:  0    Str: 19    XL:     6   Next: 27%
Magic:  0/7        EV: 17    Int: 10    God:
Gold:   49         SH:  0    Dex: 18    Spells: 5/5 levels left

rFire    . . .     SeeInvis .   (weapon currently unavailable)
rCold    . . .     Gourm    .   (shield currently unavailable)
rNeg     . . .     Faith    .   (armour currently unavailable)
rPois    .         Spirit   +   (helmet currently unavailable)
rElec    .         Reflect  .   (cloak currently unavailable)
rCorr    .         Harm     .   (gloves currently unavailable)
MR       .....                  (boots currently unavailable)
Stlth    ++........             (no amulet)
HPRegen  0.52/turn              (ring currently unavailable)
MPRegen  0.10/turn              (ring currently unavailable)

@: lethally poisoned (-7 -> -7), bat-form, flying, very quick
A: regeneration 1, magic shield, no potion heal 3, rot immunity
a: no special abilities


You were on level 3 of the Dungeon.
You were not hungry.
You were in bat-form.
You visited 1 branch of the dungeon, and saw 3 of its levels.

You collected 49 gold pieces.

Inventory:

Hand Weapons
 a - a +0 rapier (melded)
Armour
 c - a +0 shield (melded)
 i - a +0 plate armour
 q - a +0 chain mail (melded)
Scrolls
 l - a scroll of teleportation {unknown}
 o - a scroll of magic mapping
 p - 2 scrolls of amnesia
 r - a scroll of identify
 s - a scroll of enchant weapon {unknown}
 t - a scroll of enchant armour {unknown}
Potions
 d - 2 potions of might
 e - 2 potions of curing {@q2}
 h - a potion of agility
 j - a potion of mutation {unknown}
 m - a potion of heal wounds {unknown}
 n - a potion of experience {unknown}
Comestibles
 b - 5 chunks of flesh
 f - 4 bread rations {@e1}
 g - a meat ration {@e1}
 k - a royal jelly {@e3}


   Skills:
 - Level 6.1 Fighting
 * Level 2.1 Short Blades
 - Level 2.4 Armour
 - Level 2.6 Shields


You had 5 spell levels left.
You didn't know any spells.

Dungeon Overview and Level Annotations

Branches:
Dungeon (3/15)

Altars:
Fedhas
Kikubaaqudgha

Annotations:
D:3 1 runed door, Natasha


Innate Abilities, Weirdness & Mutations

((You have extremely sharp teeth.))
Your natural rate of healing is unusually fast.
When hurt, damage is shared between your health and your magic reserves.
((Your bite disrupts and absorbs the magic of your enemies.))
Potions cannot restore your health.
You are immune to rotting.


Message History

You take 2 damage, and have 24/36 hp.
You barely miss Natasha.
You feel sick. The shadow imp misses you.
Natasha stares at you and mumbles some strange words.
The magic dart hits you!
You take 5 damage, and have 19/36 hp.
You now have 5/7 mp.
You hit Natasha.
You feel sick. The shadow imp gestures at you.
You struggle to resist.
Natasha closely misses you.
You take 1 damage, and have 18/36 hp.
You hit Natasha. The shadow imp hits you.
You take 5 damage, and have 13/36 hp.
You now have 4/7 mp.
You completely miss Natasha.
You feel sick. Natasha claws you!
* * * LOW HITPOINT WARNING * * *
The shadow imp hits you.
* * * LOW HITPOINT WARNING * * *
You take 10 damage, and have 3/36 hp.
MASSIVE DAMAGE!!
You now have 1/7 mp.
You hit Natasha but do no damage.
You feel sick.
The shadow imp disappears in a puff of smoke!
Natasha claws you!
You die...

......
##......(.......[..#
......
#.....(...........#
......
#....(............
......
.#####..((.............
.....
......)...............
#+###.............###
#.............# ######
#.....ยง.......# #.....
+....bh.......# #.....
#............? #.....
#.######..... #..... #.
..... #..... .. ....
#..... ### .. #..... .
#..... ######


You could see Natasha.

Vanquished Creatures
  Terence (D:2)
  Natasha (D:3)
  A worker ant (D:3)
  A hound skeleton (D:3)
  4 gnolls (D:2)
  8 adders
  An ooze (D:1)
  3 worms (D:2)
  3 dart slugs
  A leopard gecko (D:1)
  A ball python (D:1)
  5 bats
  3 giant cockroaches (D:1)
  8 goblins
  4 hobgoblins
  2 jackals (D:1)
  7 kobolds
  A quokka (D:3)
  5 frilled lizards
  12 rats
72 creatures vanquished.

Notes
Turn   | Place    | Note
-------+----------+-------------------------------------------
     0 | D:1      | HarryHood the Vine Stalker Fighter began the quest for the Orb.
     0 | D:1      | Reached XP level 1. HP: 11/11 MP: 2/2
    35 | D:1      | Reached skill level 3 in Fighting
   115 | D:1      | Reached XP level 2. HP: 16/16 MP: 3/3
   402 | D:1      | Reached XP level 3. HP: 21/21 MP: 4/4
   771 | D:2      | Reached skill level 4 in Fighting
  1214 | D:2      | Gained mutation: Your natural rate of healing is unusually fast. [Vine Stalker growth]
  1214 | D:2      | Reached XP level 4. HP: 22/26 MP: 5/5
  1299 | D:2      | Noticed Terence
  1319 | D:2      | Killed Terence
  1319 | D:2      | Reached skill level 5 in Fighting
  1319 | D:2      | Reached XP level 5. HP: 30/30 MP: 6/6
  1357 | D:2      | Found an ancient bone altar of Kikubaaqudgha.
  1360 | D:2      | Found a blossoming altar of Fedhas.
  2050 | D:3      | Found a runed door.
  2086 | D:3      | Reached XP level 6. HP: 33/36 MP: 7/7
  2192 | D:3      | Noticed Natasha
  2200 | D:3      | Killed Natasha
  2200 | D:3      | Reached skill level 6 in Fighting
  2222 | D:3      | Reached skill level 2 in Short Blades
  2323 | D:3      | Noticed Natasha
  2334 | D:3      | HP: 3/36 [shadow imp[Natasha] (4)]
  2335 | D:3      | Mangled by Natasha

Vault maps used:
D:1:      dpeg_arrival_prison
D:2:      grunt_temple_overflow_growth_and_decay, serial_corexii_hall,
          corexii_hall_statues_x, corexii_hall_statues_u,
          corexii_hall_statues_s, corexii_hall_statues_l,
          corexii_hall_statues_i, corexii_hall_statues_i, uniq_terence
D:3:      lemuel_doored_altar, first_bread, minmay_surrounded,
          uniq_crazy_yiuf_cottage, uniq_natasha, uniq_sigmund

Skill      XL: |  1  2  3  4  5  6 |
---------------+-------------------+-----
Fighting       | 3 4 5 6 |  6.1
Short Blades   | 2 |  2.1
Armour         | |  2.4
Shields        | |  2.6

Action                   |  1- 3 |  4- 6 || total
-------------------------+-------+-------++-------
Melee: Rapier            |    78 |   153 ||   231
       Bite              |    14 |    58 ||    72
       Unarmed           |       |     8 ||     8
  Use: Scroll            |     3 |     3 ||     6
  Eat: Chunk             |     1 |     4 ||     5
Armor: Scale mail        |    36 |    24 ||    60
       Chain mail        |       |    45 ||    45
Dodge: Dodged            |    15 |    36 ||    51
Block: Shield            |    33 |    76 ||   109
